 Dungeon Crawl Stone Soup version 0.30.1-3-gfc49f6343a (webtiles) character file.

Game seed: 837290991751469695

348 javelincjr the Magician (level 6, -9/46 HPs)
             Began as a Djinni Conjurer on Aug 1, 2023.
             Was a Believer of Okawaru.
             Mangled by jujuben's ghost (16 damage)
             ... on level 3 of the Dungeon.
             The game lasted 00:09:18 (2297 turns).

javelincjr the Magician (Djinni Conjurer)           Turns: 2297, Time: 00:09:19

Health: -9/46      AC:  3    Str:  8    XL:     6   Next: 91%
Gold:   143        EV: 15    Int: 20    God:    Okawaru [**....] SH:  0 Dex: 11

rFire   + + .        f - +1 short sword (drain)
rCold   x . .        (no shield)
rNeg    . . .        a - +0 robe
rPois   ∞            o - +1 hat
rElec   .            (no cloak)
rCorr   .            (no gloves)
SInv    .            (boots unavailable)
Will    .....        e - amulet of regeneration
Stlth   +++          p - ring of wizardry
HPRegen 1.07/turn    (no ring)
MPRegen 0.00/turn

%: wizardry (x1), infuse magic (-10 HP)
@: heroic, wereblooded, flying
A: sickness immunity, fire resistance 2, cold vulnerability 1, float, innate
caster, HP casting, extra vitality 1
a: Renounce Religion, Heroism


You were on level 3 of the Dungeon.
You worshipped Okawaru.
Okawaru was pleased with you.
You visited 1 branch of the dungeon, and saw 3 of its levels.

You collected 143 gold pieces.

Inventory:

Hand Weapons
 b - a +0 dagger of pain
 c - a +0 whip of flaming
 f - a +1 short sword of draining (weapon)
 l - a +0 trident
Armour
 a - a +0 robe (worn)
 o - a +1 hat (worn)
Jewellery
 e - an amulet of regeneration (around neck)
 p - a ring of wizardry (left hand)
Scrolls
 i - a scroll of identify {unknown}
 j - a scroll of enchant weapon {unknown}
 k - 3 scrolls of amnesia {unknown}
 m - a scroll of fear {unknown}
 q - a scroll of noise {unknown}
Potions
 d - a potion of curing {unknown}
 g - 2 potions of berserk rage {unknown}
 h - 4 potions of attraction {unknown}
 n - a potion of flight {unknown}


   Skills:
 * Level 3.2(8.2) Fighting
 + Level 1.9(6.9) Armour
 + Level 3.5(8.5) Dodging
 - Level 1.6(6.6) Stealth
 * Level 4.2 Spellcasting
 + Level 1.9 Invocations


You knew the following spells:

 Your Spells              Type           Power      Damage    Failure   Level
a - Magic Dart            Conj           84%        1d7       1%          1
b - Searing Ray           Conj           42%        2d6       1%          2
c - Dazzling Flash        Conj/Hex       42%        N/A       2%          3
d - Fulminant Prism       Conj/Hex       10%        3d8       9%          4
e - Iskenderun's Mystic   Conj/Tloc      21%        2d6       9%          4
f - Necrotise             Necr           84%        1d8       1%          1
g - Wereblood             Tmut           21%        N/A       1%          2
Your spell library was empty.

Dungeon Overview and Level Annotations

Branches:
Dungeon (3/15)

Altars:
Okawaru

Annotations:
D:3 jujuben's ghost, amateur KoBe


Innate Abilities, Weirdness & Mutations

You are immune to sickness and miasma.
You are immune to poison.
Your flesh is very heat resistant. (rF++)
You are vulnerable to cold. (rC-)
You float through the air rather than walking.
You learn spells naturally, not from books.
Your magical power is your life essence.
You have superior vitality. (+4 MHP)


Message History

The blast of energy engulfs the endoplasm!!
You kill the endoplasm!
Okawaru accepts your kill.
The blast of energy engulfs the hobgoblin!
You feel a bit better.
You kill the hobgoblin!
Okawaru accepts your kill.
The blast of energy engulfs the kobold!!
You kill the kobold!
Okawaru accepts your kill. Jujuben's ghost closely misses you.
You barely miss jujuben's ghost.
Jujuben's ghost is lightly damaged.
Jujuben's ghost says, "Are you willing to die fighting?
I was!"
Jujuben's ghost hits you!! The giant cockroach closely misses you.
You hit jujuben's ghost but do no damage.
Jujuben's ghost is lightly damaged.
Jujuben's ghost hits you.
The giant cockroach bites you but does no damage.
You hit the giant cockroach.
The giant cockroach is almost dead.
The giant cockroach barely misses you. Jujuben's ghost hits you!
You hit the giant cockroach.
You feel a bit better.
You kill the giant cockroach!
Okawaru accepts your kill. Jujuben's ghost hits you!
* * * LOW HITPOINT WARNING * * *
You fail to use your ability.
Jujuben's ghost barely misses you.
You gain the combat prowess of a mighty hero.
Jujuben's ghost barely misses you.
You hit jujuben's ghost but do no damage.
Jujuben's ghost is lightly damaged.
Jujuben's ghost barely misses you.
You hit jujuben's ghost.
Jujuben's ghost is lightly damaged.
You miss jujuben's ghost.
Jujuben's ghost is lightly damaged.
You howl as the wereblood boils in your veins!
Jujuben's ghost hits you!
You die...

....# #..#....K..#..##.# # ....#
#..#....$..#..##.# # ##..#
#..#.......#..##.# # ....#
#..#.......#..##.# # .#.##
#..#.......#...#.# # .#.####
#..#.......#.....# # .#....#
##..#...)...#..##.# # .####.#
#...###†W'###..##.###### .# #.##
#......@.......##....... .#
#..###..............####.#### .#
##.#....#....#####...####.# ##
.###.###.####.............##.# #.
.##.## ##...........#####.##.# #.
.....###....#..####.......##.###.
.####.#.###.#..# ######......##.
.# #..## #.#..# #...÷....... .#
#<.# #.#..#######.#......###


You could see jujuben's ghost.

Vanquished Creatures
  Sigmund (D:2)
  2 orc priests (D:3)
  Jessica (D:2)
  3 adders (D:3)
  3 worms
  A dart slug (D:2)
  3 orcs (D:3)
  6 ball pythons
  10 endoplasms
  3 giant cockroaches
  3 goblins
  3 hobgoblins (D:3)
  A quokka (D:2)
  5 bats
  2 frilled lizards
  7 kobolds
  5 rats
59 creatures vanquished.

Vanquished Creatures (others)
  A fulminant prism (D:3)
1 creature vanquished.

Grand Total: 60 creatures vanquished

Notes
Turn   | Place    | Note
-------+----------+-------------------------------------------
     0 | D:1      | javelincjr the Djinni Conjurer began the quest for the Orb.
     0 | D:1      | javelincjr set off with the following spells memorised:
                  | Magic Dart, Searing Ray, Dazzling Flash, Fulminant Prism,
                  | Iskenderun's Mystic Blast.
     0 | D:1      | Reached XP level 1. HP: 15/15 MP: 0/0
    47 | D:1      | Noticed an eye of devastation
    49 | D:1      | Found a faded altar of an unknown god.
    58 | D:1      | Noticed a great orb of eyes
    62 | D:1      | Noticed an eye of devastation
    62 | D:1      | Noticed a floating eye
    67 | D:1      | Prayed at the altar of an unknown god.
    67 | D:1      | Became a worshipper of Warmaster Okawaru
    67 | D:1      | Reached * piety under Okawaru
   198 | D:1      | Reached XP level 2. HP: 22/22 MP: 0/0
   436 | D:1      | Reached skill level 1 in Fighting
   638 | D:1      | Reached XP level 3. HP: 21/27 MP: 0/0
   638 | D:1      | Learned a level 1 spell: Necrotise
   957 | D:2      | Noticed Jessica
   970 | D:2      | Killed Jessica
   971 | D:2      | Reached XP level 4. HP: 24/32 MP: 0/0
  1131 | D:2      | Noticed Sigmund
  1143 | D:2      | Killed Sigmund
  1143 | D:2      | Reached ** piety under Okawaru
  1144 | D:2      | Reached skill level 1 in Armour
  1144 | D:2      | Reached skill level 4 in Spellcasting
  1144 | D:2      | Reached skill level 1 in Invocations
  1144 | D:2      | Reached XP level 5. HP: 11/40 MP: 0/0
  1144 | D:2      | Learned a level 2 spell: Wereblood
  1144 | D:2      | Reached XP level 6. HP: 12/45 MP: 0/0
  1752 | D:3      | Noticed jujuben's ghost (amateur KoBe)
  2027 | D:3      | Found a runed translucent gate.
  2027 | D:3      | Found a runed translucent gate.
  2027 | D:3      | Found a runed translucent gate.
  2297 | D:3      | Mangled by jujuben's ghost

Illustrated notes

Levels and vault maps discovered:
D:1:      dpeg_arrival_renting, layout_basic,
          hellmonk_ecumenical_altar_watching_god
D:2:      layout_basic, chequers_serial_rivers_small_a, uniq_jessica,
          uniq_sigmund
D:3:      layout_loops_ring, gammafunk_ghost_split, st_stairs_6

Skill      XL: |  1  2  3  4  5  6 |
---------------+-------------------+-----
Fighting       | 1 2 3 |  3.2
Armour         | 1 |  1.9
Dodging        | 3 |  3.5
Spellcasting   | 4 |  4.2
Invocations    | 1 |  1.9
Stealth        | |  1.6

Action                     |  1- 3 |  4- 6 || total
---------------------------+-------+-------++-------
  Melee: Dagger            |    21 |       ||    21
         Short sword       |    23 |    75 ||    98
         Punch             |       |     1 ||     1
   Cast: Magic Dart        |    14 |    20 ||    34
         Searing Ray       |       |     3 ||     3
         Wereblood         |       |     4 ||     4
         Necrotise         |       |     3 ||     3
         Fulminant Prism   |       |     1 ||     1
 Invoke: Heroism           |     1 |     1 ||     2
   Stab: Sleeping          |     3 |     1 ||     4
 Armour: Robe              |    11 |     9 ||    20
  Dodge: Dodged            |    23 |    34 ||    57
